 Dungeon Crawl Stone Soup version 0.20.1-1-g8b1a95d (webtiles) character file.

2181 Irenicus the Martial Artist (level 9, 6/74 HPs)
             Began as a Deep Dwarf Monk on Oct 15, 2017.
             Got out of the dungeon alive.
             The game lasted 00:14:37 (5002 turns).

Irenicus the Martial Artist (Deep Dwarf Monk)       Turns: 5002, Time: 00:14:37

Health: 6/74       AC: 11    Str: 15    XL:     9   Next: 11%
Magic:  13/13      EV: 13    Int: 11    God:
Gold:   214        SH:  0    Dex: 18    Spells: 8/8 levels left

rFire    . . .     SeeInvis .     - Unarmed
rCold    . . .     Gourm    .   (no shield)
rNeg     . . .     Faith    .   e - +6 leather armour of Amorality {MP+9 Slay+2}
rPois    .         Spirit   .   d - +0 helmet
rElec    .         Reflect  .   (no cloak)
rCorr    .         Harm     .   c - +0 pair of gloves
MR       +....                  (no boots)
Stlth    +++.......             (no amulet)
Regen    0.0/turn               (no ring)
MPRegen  0.2/turn               (no ring)

@: non-regenerating
A: damage resistance, heal wounds, sense surroundings 2, no regeneration
a: Heal Wounds


You escaped.
You were not hungry.

You visited 2 branches of the dungeon, and saw 8 of its levels.

You collected 214 gold pieces.

Inventory:

Armour
 a - a +0 robe
 c - a +0 pair of gloves (worn)
 d - a +0 helmet (worn)
 e - the +6 leather armour of Amorality (worn) {MP+9 Slay+2}
   (You found it on level 6 of the Dungeon)

   It affects your accuracy and damage with ranged weapons and melee attacks
   (+2).
   It affects your magic capacity (+9).
Jewellery
 t - an uncursed ring of resist corrosion {unknown}
Wands
 h - a wand of paralysis (13/24)
 o - a wand of paralysis (16/24)
 r - a wand of flame (29/48)
Scrolls
 g - 2 scrolls of recharging
 i - 2 scrolls of teleportation
 k - a scroll of amnesia {unknown}
 l - 4 scrolls of identify
 m - a scroll of noise {unknown}
 p - a scroll of magic mapping {unknown}
 q - a scroll of random uselessness {unknown}
 u - a scroll of fog {unknown}
 v - a scroll of remove curse
 w - a scroll of blinking {unknown}
 y - a scroll of immolation {unknown}
Potions
 n - a potion of cancellation
 s - 5 potions of curing
 x - a potion of lignification {unknown}
 z - a potion of magic {unknown}
 B - 2 potions of resistance {unknown}
 C - a potion of brilliance {unknown}
 E - a potion of heal wounds
 F - a potion of berserk rage {unknown}
Comestibles
 b - 3 bread rations
 f - 3 meat rations
 j - 9 fruits
 A - a royal jelly


   Skills:
 - Level 2.6 Fighting
 - Level 3.2 Dodging
 - Level 5.0 Stealth
 + Level 10.9 Unarmed Combat


You had 8 spell levels left.
You didn't know any spells.

Dungeon Overview and Level Annotations

Branches:
Dungeon (7/15)             Temple (1/1) D:6

Altars:
Ashenzari
Cheibriados
Dithmenos
Elyvilon
Fedhas
Gozag
Hepliaklqana
Kikubaaqudgha
Nemelex Xobeh
Qazlal
Ru
Sif Muna
Trog
Uskayaw
Vehumet
Xom
Yredelemnul
Zin

Annotations:
D:4 exclusion: downstairs


Innate Abilities, Weirdness & Mutations

You are resistant to damage.
You can heal yourself by infusing magical energy.
You passively map the area around you.
You do not regenerate.


Message History

A rat comes into view.
You punch the rat!
You kill the rat!
You see here 5 poisoned needles.
A dart slug comes into view.
The dart slug launches a dart at you. The slug dart hits you!
The dart slug bites you but does no damage.
You punch the dart slug!
You kill the dart slug!
You see here a dart slug corpse.
(D) Dungeon (T) Temple
Where to? (Enter - D:1 @ (x,y), ? - help)
You see here a club.
You see here 16 stones.
You enter the shallow water.
Moving in this stuff is going to be slow.
There is a staircase leading out of the dungeon here.
Are you sure you want to leave the Dungeon?
This will make you lose the game!
You have escaped!

.# #.#...# #.###.#...#.# ##
#.#.#.# #.....#...#.#
#.#.#.###############.#.#
###'#.#.#≈≈≈≈≈≈≈≈≈≈≈≈≈#.#.#
#.....#.#≈≈≈≈≈≈≈≈≈≈≈≈≈#.#.#####
#.......#≈≈≈≈≈≈≈≈≈≈≈≈≈#.#.....##
#.....#.#≈≈≈≈≈≈≈≈≈≈≈≈≈#.#####...
#....[#.#≈≈≈≈≈...≈≈≈≈≈#.#####...
#.....#.#≈≈≈≈..@..≈≈≈≈#.........
#.....#.#≈≈≈≈≈...≈≈≈≈≈#.........
#.....#.#≈≈≈≈≈≈≈≈≈≈≈≈≈#......###
##.....#.#≈≈≈≈≈≈≈≈≈≈≈≈≈#.........
.#..†..#.#≈≈≈≈≈≈≈≈≈≈≈≈≈#......###
.#####.#.#≈≈≈≈≈≈≈≈≈≈≈≈≈#......#
.# #.#.#≈≈≈≈≈≈≈≈≈≈≈≈≈#.....####
.# #.#.#≈≈≈≈≈≈≈≈≈≈≈≈≈#.........
.#####.#.#≈≈≈≈≈≈≈≈≈≈≈≈≈#......###


There were no monsters in sight!

Vanquished Creatures
  The ghost of Irenicus the Grappler, a novice DDMo of Makhleb (D:5)
  2 water moccasins
  2 sky beasts
  A black bear (D:6)
  4 ogres
  A centaur (D:5)
  A bullfrog (D:6)
  A wyvern skeleton (D:7)
  2 scorpions
  2 killer bees (D:7)
  A howler monkey (D:6)
  A crimson imp (D:6)
  4 hounds
  3 iguanas (D:6)
  7 worker ants
  A hound skeleton (D:5)
  3 gnolls (D:5)
  A howler monkey skeleton (D:4)
  6 adders
  An ooze (D:4)
  An adder skeleton (D:4)
  2 worms
  3 dart slugs
  3 leopard geckos
  11 orcs
  A ball python (D:1)
  7 giant cockroaches
  10 goblins
  10 hobgoblins
  8 jackals
  2 quokkas
  7 bats
  7 frilled lizards
  2 jackal skeletons
  8 kobolds
  13 rats
140 creatures vanquished.

Vanquished Creatures (others)
  The ghost of Irenicus the Grappler, a novice DDMo (D:6)
1 creature vanquished.

Grand Total: 141 creatures vanquished

Notes
Turn   | Place    | Note
-------+----------+-------------------------------------------
     0 | D:1      | Irenicus the Deep Dwarf Monk began the quest for the Orb.
     0 | D:1      | Reached XP level 1. HP: 20/20 MP: 1/1
   211 | D:4      | Reached XP level 2. HP: 21/27 MP: 2/2
   219 | D:5      | Entered Level 5 of the Dungeon
   390 | D:5      | Noticed Irenicus's ghost (novice DDMo)
   427 | D:5      | Reached skill level 3 in Unarmed Combat
   427 | D:5      | Reached XP level 3. HP: 22/33 MP: 3/3
   435 | D:5      | Noticed an ogre
   472 | D:6      | Found a radiant altar of Vehumet.
   473 | D:6      | Noticed Irenicus's ghost (novice DDMo)
   509 | D:7      | Reached skill level 4 in Unarmed Combat
   509 | D:7      | Reached XP level 4. HP: 31/40 MP: 3/3
   557 | D:7      | Reached XP level 5. HP: 34/46 MP: 3/3
   642 | D:6      | Got a translucent leather armour
   653 | D:6      | Identified the +6 leather armour of Amorality {MP+9 Slay+2} (You found it on level 6 of the Dungeon)
   706 | D:6      | Reached skill level 5 in Unarmed Combat
   975 | D:4      | Noticed a water moccasin
  1045 | D:4      | Noticed an ogre
  1052 | D:4      | Killed an ogre
  1052 | D:4      | Reached XP level 6. HP: 25/55 MP: 4/4
  1168 | D:4      | Reached skill level 5 in Stealth
  1290 | D:4      | Killed a water moccasin
  1290 | D:4      | Reached skill level 6 in Unarmed Combat
  1616 | D:4      | Reached XP level 7. HP: 34/61 MP: 4/4
  1720 | D:5      | Killed Irenicus's ghost
  1720 | D:5      | Reached skill level 8 in Unarmed Combat
  1837 | D:5      | Reached XP level 8. HP: 44/68 MP: 4/4
  1967 | D:5      | Reached skill level 9 in Unarmed Combat
  2143 | D:6      | Killed Irenicus's ghost
  2242 | D:6      | Reached skill level 10 in Unarmed Combat
  2336 | D:6      | Found a staircase to the Ecumenical Temple.
  2344 | Temple   | Entered the Ecumenical Temple
  2843 | D:5      | Gained mutation: You passively map the area around you. [Deep Dwarf growth]
  2843 | D:5      | Reached XP level 9. HP: 23/74 MP: 4/4
  3774 | D:2      | Found a deep blue altar of Sif Muna.
  5002 | D:$      | Got out of the dungeon alive.

Skill      XL: |  1  2  3  4  5  6  7  8 |
---------------+-------------------------+-----
Stealth        | 3 4 5 |  5.0
Unarmed Combat | 3 4 5 6 8 10 | 10.9
Fighting       | |  2.6
Dodging        | |  3.2

Action                   |  1- 3 |  4- 6 |  7- 9 || total
-------------------------+-------+-------+-------++-------
Melee: Unarmed           |    81 |   112 |   303 ||   496
       Punch             |     2 |     2 |    13 ||    17
 Abil: Heal Wounds       |     1 |     8 |     3 ||    12
  Use: Scroll            |     3 |       |     1 ||     4
       Potion            |       |     2 |     1 ||     3
 Stab: Sleeping          |       |     5 |    16 ||    21
       Distracted        |       |       |     1 ||     1
  Eat: Chunk             |       |     1 |    12 ||    13
Armor: Robe              |    10 |    10 |       ||    20
       Leather armour    |       |    19 |   102 ||   121
Dodge: Dodged            |    48 |    83 |   160 ||   291
